 Dungeon Crawl Stone Soup version 0.31-a0-198-g2ad674f65e (webtiles) character file.

Game seed: 4486281652927737792

1162 qw the Skirmisher (level 8, 0/44 HPs)
             Began as a Deep Elf Hunter on June 25, 2023.
             Was an Initiate of Okawaru.
             Slain by a kobold
             ... wielding a +0 short sword
              (3 damage)
             ... on level 6 of the Dungeon.
             The game lasted 00:01:33 (4249 turns).

qw the Skirmisher (Deep Elf Hunter)                 Turns: 4249, Time: 00:01:33

Health: 0/44       AC:  8    Str: 18    XL:     8   Next: 17%
Magic:  10/10      EV: 13    Int: 15    God:    Okawaru [......]
Gold:   190        SH:  0    Dex: 20    Spells: 7/7 levels left

rFire   + . .        Y - +1 shortbow
rCold   . . .        (shield currently unavailable)
rNeg    + + .        m - +0 ring mail
rPois   .            i - +1 helmet of the Blacksmith {rF+ rN+ Will+ Str+4}
rElec   .            (no cloak)
rCorr   .            (no gloves)
SInv    .            h - +0 pair of boots
Will    +....        a - amulet of the acrobat
Stlth   +            d - +6 ring of strength
HPRegen 0.27/turn    e - ring of positive energy
MPRegen 0.12/turn

%: acrobat
@: lethally poisoned (0 -> -1), slowed, very slow
A: no striking features
a: Renounce Religion


You were on level 6 of the Dungeon.
You worshipped Okawaru.
Okawaru was noncommittal.
You visited 2 branches of the dungeon, and saw 7 of its levels.

You collected 270 gold pieces.
You spent 80 gold pieces at shops.


   Skills:
 - Level 2.2 Fighting
 + Level 11.8 Ranged Weapons
 - Level 3.0 Armour
 - Level 4.2 Dodging
 - Level 1.2 Stealth


You had 7 spell levels left.
You didn't know any spells.
Your spell library was empty.

Inventory:

Hand Weapons
 Y - a +1 shortbow (weapon)
Armour
 h - a +0 pair of boots (worn)
 i - the +1 helmet of the Blacksmith (worn) {rF+ rN+ Will+ Str+4}
   (You found it on level 3 of the Dungeon)

   Str:       It affects your strength (+4).
   rF:        It protects you from fire.
   rN:        It protects you from negative energy.
   Will:      It increases your willpower.
 m - a +0 ring mail (worn)
Jewellery
 a - an amulet of the acrobat (around neck)
 d - a +6 ring of strength (left hand)
 e - a ring of positive energy (right hand)
Scrolls
 j - a scroll of identify
Potions
 f - 2 potions of curing {unknown}
 g - a potion of berserk rage {unknown}
 k - 2 potions of enlightenment
 n - a potion of cancellation {unknown}
 p - a potion of haste {unknown}
 q - a potion of lignification {unknown}

Dungeon Overview and Level Annotations

Branches:
Dungeon (6/15)             Temple (1/1) D:4

Altars:
Ashenzari
Dithmenos
Elyvilon
Gozag
Hepliaklqana
Kikubaaqudgha
Makhleb
Nemelex Xobeh
Okawaru
Qazlal
Ru
Sif Muna
Uskayaw
Vehumet
Wu Jian
Xom
Yredelemnul
Zin

Shops:
D:1 =   D:3 [


Message History

You are more poisoned.
The scorpion poisons you! The kobold barely misses you.
You shoot an arrow. The arrow hits the scorpion!
The scorpion is severely wounded.
You feel very sick.
The scorpion stings you but does no damage.
The kobold hits you but does no damage.
The scorpion stings you but does no damage.
You shoot an arrow. The arrow barely misses the scorpion.
You feel very sick.
You hear a shout!
The scorpion stings you. The kobold closely misses you.
You hear an angry growl.
You shoot an arrow. The arrow closely misses the scorpion.
The arrow barely misses the kobold brigand.
The arrow barely misses the kobold.
You feel sick.
You hear a shout!
The scorpion stings you but does no damage.
The scorpion stings you.
The kobold hits you but does no damage. x2
You shoot an arrow.
The arrow hits the scorpion but does no damage.
The scorpion is severely wounded.
You feel very sick. The scorpion closely misses you.
A kobold comes into view.
It is wielding a +0 club and quivering poisoned darts.
The kobold barely misses you.
The scorpion stings you but does no damage.
You shoot an arrow.
The arrow hits the scorpion but does no damage.
The scorpion is severely wounded.
You feel sick. The kobold closely misses you.
A black bear comes into view.
The scorpion stings you but does no damage.
You shoot an arrow. The arrow hits the scorpion.
The scorpion is almost dead.
You feel sick. The scorpion barely misses you.
The kobold brigand hits you with a +0 dagger.
The kobold hits you with a +0 short sword.
You die...

K.. KK . .K ## ..
#) ####.# ...#..
##....#
.h...K####.....#
...>.Ks@K.....####
#....KKK..........
#.../#........###
#...........).#
#.....####..<.#
....#. #....[#
#.............#
....##.##.....#
#### # ####<..


You could see a black bear, a kobold brigand, a scorpion and 5 kobolds.

Vanquished Creatures
  Grinder (D:5)
  Sigmund (D:5)
  A centaur (D:5)
  3 phantoms (D:5)
  2 scorpions (D:5)
  2 jellies
  2 hounds (D:5)
  Jessica (D:2)
  3 iguanas
  2 orc wizards (D:5)
  2 adders
  A worm (D:2)
  2 dart slugs (D:2)
  9 orcs
  5 endoplasms
  2 giant cockroaches
  9 goblins
  9 hobgoblins
  2 jackals (D:5)
  3 quokkas
  3 ball pythons
  6 bats
  6 frilled lizards
  8 kobolds
  6 rats
91 creatures vanquished.

Notes
Turn   | Place    | Note
-------+----------+-------------------------------------------
     0 | D:1      | qw the Deep Elf Hunter began the quest for the Orb.
     0 | D:1      | Reached XP level 1. HP: 12/12 MP: 3/3
     0 | D:1      | 0 ||| qw: Version: 0.3-a-22-g0ed2b0b
     0 | D:1      | 0 ||| qw: Game counter: 5134
     0 | D:1      | 0 ||| qw: Melee chars always use a shield: true
     0 | D:1      | 0 ||| qw: God list: Okawaru
     0 | D:1      | 0 ||| qw: Allow faded altars: false
     0 | D:1      | 0 ||| qw: Do Orc after clearing Dungeon:15 true
     0 | D:1      | 0 ||| qw: Do second Lair branch before Depths: true
     0 | D:1      | 0 ||| qw: Lair rune preference: random
     0 | D:1      | 0 ||| qw: Goals: Normal
     0 | D:1      | 0 ||| PLANNING D:1-11
    64 | D:1      | Found a faded altar of an unknown god.
   118 | D:1      | Reached XP level 2. HP: 16/16 MP: 4/4
   121 | D:1      | Reached skill level 6 in Ranged Weapons
   215 | D:1      | Found Dish's Jewellery Shop.
   233 | D:1      | 233 ||| SHOPLISTING amulet of reflection (390 gold, have
                  | 68).
   233 | D:1      | 233 ||| SHOPLISTING amulet of the acrobat (390 gold, have
                  | 68).
   233 | D:1      | 233 ||| SHOPLISTING ring of the Establishment {rElec rCorr
                  | Stlth+} (478 gold, have 68).
   475 | D:1      | 475 ||| UPGRADING to +0 pair of boots.
   480 | D:1      | 480 ||| UPGRADING to +6 ring of strength.
   481 | D:1      | 481 ||| DROPPING ring of flight.
   482 | D:1      | 482 ||| READING scroll labelled BUWA QEIXIF.
   483 | D:1      | 483 ||| READING scroll labelled QULAIMIRIH.
   484 | D:1      | 484 ||| DROPPING scroll of butterflies.
   572 | D:2      | Reached XP level 3. HP: 20/20 MP: 5/5
   759 | D:2      | Noticed Jessica
   761 | D:2      | Killed Jessica
   762 | D:2      | Reached skill level 7 in Ranged Weapons
   856 | D:2      | Reached XP level 4. HP: 25/25 MP: 6/6
  1010 | D:2      | 1010 ||| FLEEEEING.
  1015 | D:2      | 1015 ||| STAIRDANCE
  1024 | D:1      | 1024 ||| UPGRADING to amulet of the acrobat.
  1029 | D:1      | 1029 ||| UPGRADING to ring of positive energy.
  1198 | D:2      | 1198 ||| READING scroll labelled KUERUL CI WUCH.
  1456 | D:3      | Found a shadowy altar of Dithmenos.
  1499 | D:3      | Found an opulent altar of Gozag.
  1521 | D:3      | Identified the +1 helmet of the Blacksmith {rF+ rN+ Will+
                  | Str+4}
  1560 | D:3      | 1560 ||| Stepping ~*~*~tactically~*~*~ (water).
  1628 | D:3      | Reached skill level 8 in Ranged Weapons
  1806 | D:3      | Found Dayvefom's Antique Armour Boutique.
  1811 | D:3      | Found a sacrificial altar of Ru.
  1813 | D:3      | 1813 ||| BUYING ring mail (80 gold).
  1813 | D:3      | Bought a ring mail for 80 gold pieces
  1813 | D:3      | 1813 ||| SHOPLISTING shadowed robe (114 gold, have 73).
  2103 | D:3      | 2103 ||| UPGRADING to +1 helmet of the Blacksmith {rF+ rN+
                  | Will+ Str+4}.
  2108 | D:3      | 2108 ||| UPGRADING to +0 ring mail.
  2118 | D:3      | 2118 ||| DROPPING +0 leather armour.
  2119 | D:3      | 2119 ||| READING scroll labelled XINTODUTIX.
  2120 | D:3      | 2120 ||| READING 2 scrolls of identify.
  2120 | D:3      | 2120 ||| IDENTIFYING murky ruby potion
  2197 | D:4      | Reached skill level 3 in Dodging
  2215 | D:4      | HP: 4/25 [iguana (9)]
  2216 | D:4      | 2216 ||| DRINKING potion of heal wounds.
  2218 | D:4      | Reached XP level 5. HP: 18/29 MP: 7/7
  2360 | D:4      | Found a staircase to the Ecumenical Temple.
  2361 | D:4      | 2361 ||| PLANNING TEMPLE
  2361 | D:4      | 2361 ||| READING scroll labelled SOETRE JUIQUEXT.
  2362 | D:4      | 2362 ||| READING scroll labelled MODIBELE FUMO.
  2363 | D:4      | 2363 ||| DRINKING 2 bubbling golden potions.
  2364 | D:4      | 2364 ||| DROPPING potion of degeneration.
  2366 | D:4      | 2366 ||| Stepping ~*~*~tactically~*~*~ (cloud).
  2373 | D:4      | HP: 7/29 [poisoned by you (poison gas)]
  2482 | Temple   | Entered the Ecumenical Temple
  2613 | Temple   | 2613 ||| PLANNING D:1-11
  2963 | D:5      | Entered Level 5 of the Dungeon
  3045 | D:5      | Noticed Sigmund
  3052 | D:5      | Killed Sigmund
  3053 | D:5      | Reached skill level 9 in Ranged Weapons
  3053 | D:5      | Reached XP level 6. HP: 33/34 MP: 8/8
  3161 | D:5      | Noticed Grinder
  3169 | D:5      | Killed Grinder
  3170 | D:5      | Reached skill level 3 in Armour
  3170 | D:5      | Reached XP level 7. HP: 36/40 MP: 9/9
  3182 | D:5      | Reached skill level 10 in Ranged Weapons
  3237 | D:5      | Found a hide-covered altar of Uskayaw.
  3454 | D:5      | Found a basalt altar of Yredelemnul.
  3552 | D:5      | Reached skill level 11 in Ranged Weapons
  3552 | D:5      | Reached XP level 8. HP: 37/44 MP: 10/10
  3741 | D:5      | 3741 ||| Stepping ~*~*~tactically~*~*~ (outnumbered).
  3742 | D:5      | 3742 ||| Stepping ~*~*~tactically~*~*~ (outnumbered).
  3746 | D:5      | 3746 ||| Stepping ~*~*~tactically~*~*~ (outnumbered).
  3761 | D:5      | Found an iron altar of Okawaru.
  3762 | D:5      | 3762 ||| PLANNING OKAWARU WORSHIP
  3762 | D:5      | 3762 ||| DROPPING scarf of harm.
  3763 | D:5      | 3763 ||| READING scroll labelled XEKAIT ITASI.
  3764 | D:5      | 3764 ||| DRINKING 3 inky potions.
  3765 | D:5      | 3765 ||| READING 2 scrolls of identify.
  3765 | D:5      | 3765 ||| IDENTIFYING glowing red potion
  3766 | D:5      | 3766 ||| DROPPING potion of magic.
  3774 | D:5      | Became a worshipper of Warmaster Okawaru
  3775 | D:5      | 3775 ||| PLANNING D:1-11
  4175 | D:5      | 4175 ||| READING scroll labelled ESUASMU VETEQ.
  4176 | D:5      | 4176 ||| READING scroll labelled CES PIPETASK.
  4191 | D:6      | 4191 ||| PLANNING SEWER
  4193 | D:6      | 4193 ||| STAIRDANCE
  4239 | D:6      | 4239 ||| Stepping ~*~*~tactically~*~*~ (outnumbered).
  4240 | D:6      | HP: 11/44 [scorpion (6)]
  4241 | D:6      | 4241 ||| DRINKING potion of heal wounds.
  4246 | D:6      | HP: 10/44 [scorpion (2)]
  4249 | D:6      | HP: 3/44 [kobold brigand/+0 dagger (2)]
  4249 | D:6      | Slain by a kobold

Levels and vault maps discovered:
D:1:      amcnicky_arrival_single_pillar, layout_rooms,
          shapermc_ecumenical_altar_rom_forum, serial_shops, shop,
          hangedman_decor_push
D:2:      layout_basic, uniq_jessica
D:3:      layout_loops_cross, nicolae_overflow_crystal_walls,
          mainiacjoe_overflow_alcove_4, lemuel_crystal_altar, serial_shops,
          shop, st_stairs_4, serial_bayou_pond_a, minmay_gold_behind_fungi,
          roderic_lattice_a, chequers_serial_rivers_large_a
D:4:      layout_basic, minmay_temple_entry_sparse_star,
          hangedman_decor_riveting
D:5:      layout_layer_cave, overflow_temple_1_default,
          okawaru_altar_gauntlet_db, mainiacjoe_overflow_six_doors_small,
          uniq_sigmund, uniq_grinder
D:6:      layout_rooms, mainiacjoe_overflow_alcove_1, tso_oasis_becter,
          cheibrodos_sewer_entry_bend, serial_undead, serial_undead_e,
          serial_undead_f, serial_undead_b, serial_undead_b, uniq_blork_the_orc,
          uniq_pikel
Temple:   chequers_temple_sunken

Skill      XL: |  1  2  3  4  5  6  7 |
---------------+----------------------+-----
Ranged Weapons | 6 7 8 9 11 | 11.8
Dodging        | 3 4 |  4.2
Fighting       | 2 |  2.2
Armour         | 3 |  3.0
Stealth        | |  1.2

Action                     |  1- 3 |  4- 6 |  7- 9 || total
---------------------------+-------+-------+-------++-------
   Fire: Shortbow          |    72 |   118 |   128 ||   318
    Use: Scroll            |     2 |     5 |     4 ||    11
         Potion            |       |     2 |     2 ||     4
 Armour: Leather armour    |     1 |       |       ||     1
         Ring mail         |       |     9 |    38 ||    47
  Dodge: Dodged            |    12 |    18 |    63 ||    93

Table legend:
 A = Non-vault XP
 B = Vault XP
 C = Vault XP percentage of total XP
 D = Non-vault monster count
 E = Vault monster count
 F = Vault count percentage of total count
                 A         B        C        D         E       F
            +---------+---------+-------+---------+---------+-------
      Total |    1091 |     570 |  34.3 |      80 |      11 |  12.1
            +---------+---------+-------+---------+---------+-------
        D:1 |      27 |       0 |   0.0 |      18 |       0 |   0.0
        D:2 |      51 |      37 |  42.0 |      18 |       1 |   5.3
        D:3 |      22 |      15 |  40.5 |      15 |       2 |  11.8
        D:4 |      83 |       0 |   0.0 |       4 |       0 |   0.0
        D:5 |     903 |     518 |  36.5 |      23 |       8 |  25.8
        D:6 |       5 |       0 |   0.0 |       2 |       0 |   0.0
            +---------+---------+-------+---------+---------+-------
